 Dungeon Crawl Stone Soup version 0.21-a0-584-g185da8e (webtiles) character file.

196 Lanoc the Stinger (level 5, -1/31 HPs)
             Began as an Octopode Venom Mage on Dec 21, 2017.
             Was a Follower of Yredelemnul.
             Killed from afar by an orc wizard (6 damage)
             ... with a puff of frost
             ... on level 3 of the Dungeon.
             The game lasted 00:11:30 (3982 turns).

Lanoc the Stinger (Octopode Venom Mage)             Turns: 3982, Time: 00:11:30

Health: -1/31      AC:  1    Str:  8    XL:     5   Next: 74%
Magic:  5/9        EV: 14    Int: 18    God:    Yredelemnul [*.....]
Gold:   70         SH:  0    Dex: 12    Spells: 4/10 levels left

rFire    . . .     SeeInvis .   (no weapon)
rCold    . . .     Gourm    .   (no shield)
rNeg     . . .     Faith    .   (helmet restricted)
rPois    .         Spirit   .   (no amulet)
rElec    .         Reflect  .   (no ring)
rCorr    .         Harm     .   (no ring)
MR       .....                  (no ring)
Stlth    +++.......             (no ring)
HPRegen  0.10/turn              (no ring)
MPRegen  0.11/turn              (no ring)
                                (no ring)
                                (no ring)

@: no status effects
A: almost no armour, stealthy swim, amphibious, 8 rings, constrict 8, camouflage
1, gelatinous body 1
a: Animate Remains, Renounce Religion


You were on level 3 of the Dungeon.
You worshipped Yredelemnul.
Yredelemnul was aware of your devotion.
You were not hungry.

You visited 1 branch of the dungeon, and saw 3 of its levels.

You collected 70 gold pieces.

Inventory:

Missiles
 f - 2 javelins (quivered)
Wands
 l - a wand of random effects (18)
Scrolls
 c - a scroll of remove curse {unknown}
 d - 4 scrolls of teleportation {unknown}
 g - a scroll of magic mapping {unknown}
 h - a scroll of enchant armour {unknown}
 j - a scroll of fear {unknown}
 m - a scroll of identify {unknown}
Potions
 e - a potion of lignification {unknown}
 k - a potion of flight {unknown}
Books
 a - a Young Poisoner's Handbook

   Spells                             Type                      Level
   a - Sting                          Conjuration/Poison           1
   b - Poisonous Vapours              Poison/Air                   2
   c - Mephitic Cloud                 Conjuration/Poison/Air       3
   d - Olgreb's Toxic Radiance        Poison                       4
   e - Venom Bolt                     Conjuration/Poison           5
Comestibles
 b - 5 rations
 i - 3 chunks of flesh


   Skills:
 + Level 3.1 Dodging
 - Level 2.6 Stealth
 + Level 3.0 Spellcasting
 + Level 2.4 Conjurations
 * Level 5.4 Poison Magic
 + Level 0.1 Invocations


You had 4 spell levels left.
You knew the following spells:

 Your Spells              Type           Power        Failure   Level  Hunger
a - Sting                 Conj/Pois      ###.         3%          1    None
b - Poisonous Vapours     Pois/Air       ##....       9%          2    ##.....
c - Mephitic Cloud        Conj/Pois/Air  ##......     17%         3    ###....


Dungeon Overview and Level Annotations

Branches:
Dungeon (3/15)

Altars:
Cheibriados
Yredelemnul


Innate Abilities, Weirdness & Mutations

You cannot wear most types of armour.
You are very stealthy in the water. (Stealth+)
You are amphibious.
You can wear up to eight rings at the same time.
You can use your tentacles to constrict eight enemies at once.
Your skin changes colour to match your surroundings (Stealth+).
Your rubbery body absorbs attacks. (AC +1, EV +1)


Message History

The bat completely misses you. The bat barely misses you.
The bat closely misses you.
You tentacle-slap the bat. You grab the bat.
The bat is severely wounded.
You constrict the bat.
You kill the bat!
Yredelemnul accepts your kill.
You open the door. You barely miss something.
Something hits you but does no damage. Something hits you.
You closely miss something. Your squeeze misses something.
You hear some strange, mumbled words.
A magic dart appears from out of thin air!
The magic dart hits you!
* * * LOW HITPOINT WARNING * * *
You hear some strange, mumbled words.
A puff of frost appears from out of thin air!
The puff of frost hits you!
You die...
Your body rises from the dead as a mindless zombie.

####### #.†...#
#.###@##### #.##......#
#.........# ###.......#
#.......# #..$....#
#.[.....# #.......#
#####.#.################


There were no monsters in sight!

Vanquished Creatures
  4 adders (D:2)
  4 gnolls
  2 oozes (D:1)
  3 worms (D:2)
  3 dart slugs
  5 leopard geckos
  6 orcs
  2 ball pythons
  6 giant cockroaches
  2 gnoll zombies (D:2)
  10 goblins
  11 hobgoblins
  4 quokkas
  12 bats
  A frilled lizard (D:1)
  4 kobolds
  5 rats
84 creatures vanquished.

Notes
Turn   | Place    | Note
-------+----------+-------------------------------------------
     0 | D:1      | Lanoc the Octopode Venom Mage began the quest for the Orb.
     0 | D:1      | Reached XP level 1. HP: 11/11 MP: 3/3
   399 | D:1      | Reached XP level 2. HP: 17/17 MP: 1/5
   418 | D:1      | Reached skill level 4 in Poison Magic
   809 | D:1      | Reached XP level 3. HP: 11/21 MP: 4/6
   871 | D:1      | Learned a level 2 spell: Poisonous Vapours
   875 | D:1      | Learned a level 3 spell: Mephitic Cloud
  1766 | D:2      | Reached XP level 4. HP: 24/27 MP: 3/7
  2179 | D:2      | Found a basalt altar of Yredelemnul.
  2187 | D:2      | Became a worshipper of Yredelemnul the Dark
  2751 | D:2      | Reached skill level 5 in Poison Magic
  2962 | D:2      | Reached XP level 5. HP: 26/31 MP: 5/9
  3288 | D:3      | Found a snail-covered altar of Cheibriados.
  3388 | D:3      | Reached * piety under Yredelemnul
  3982 | D:3      | Killed from afar by an orc wizard

Vault maps used:
D:1:      dpeg_arrival_arbitrary_a, kennysheep_decorative_pillar, st_stairs_4
D:2:      lemuel_zombie_altar_yredelemnul, first_ration
D:3:      kennysheep_slug_shrine

Skill      XL: |  1  2  3  4  5 |
---------------+----------------+-----
Poison Magic   | 4 5 |  5.4
Conjurations   | 2 |  2.4
Dodging        | 3 |  3.1
Spellcasting   | 3 |  3.0
Stealth        | |  2.6
Invocations    | |  0.1

Action                   |  1- 3 |  4- 6 || total
-------------------------+-------+-------++-------
Melee: Unarmed           |    54 |    81 ||   135
       Constrict         |    11 |    27 ||    38
       Tentacles         |    17 |    16 ||    33
 Cast: Sting             |    36 |     4 ||    40
       Poisonous Vapours |    11 |    47 ||    58
 Stab: Sleeping          |     1 |       ||     1
       Distracted        |       |     1 ||     1
  Eat: Chunk             |     4 |     9 ||    13
Armor: Skin              |     9 |     7 ||    16
Dodge: Dodged            |    40 |    69 ||   109

Table legend:
 A = Spawn XP
 B = Non-spawn XP
 C = Spawn XP percentage of total XP
 D = Spawn monster count
 E = Non-spawn monster count
 F = Spawn count percentage of total count
 G = Total turns spent on level
                    A         B        C        D         E        F      G
               +---------+---------+-------+---------+---------+-------+---------
         Total |       0 |     280 |   0.0 |       0 |      84 |   0.0 |  3982
               +---------+---------+-------+---------+---------+-------+---------
           D:1 |       0 |      57 |   0.0 |       0 |      24 |   0.0 |  1352
           D:2 |       0 |     139 |   0.0 |       0 |      36 |   0.0 |  2193
           D:3 |       0 |      84 |   0.0 |       0 |      24 |   0.0 |   437
               +---------+---------+-------+---------+---------+-------+---------
